 Dungeon Crawl Stone Soup version 0.30.1-11-g7821555f0a (webtiles) character file.

Game seed: 3171204192900955212

685 KittyFluff the Covered (level 7, -4/66 HPs)
             Began as a Gargoyle Berserker on Oct 30, 2023.
             Was an Elder of Trog.
             Slain by a gnoll sergeant
             ... wielding a +0 spear
              (12 damage)
             ... on level 5 of the Dungeon.
             The game lasted 00:16:48 (4003 turns).

KittyFluff the Covered (Gargoyle Berserker)         Turns: 4003, Time: 00:16:48

Health: -4/66      AC: 10    Str: 28    XL:     7   Next: 62%
Magic:  7/7        EV: 12    Int:  8    God:    Trog [****..]
Gold:   296        SH:  0    Dex:  9    Spells: 6/6 levels left

rFire   + . .        c - +0 quarterstaff
rCold   . . .        (shield currently unavailable)
rNeg    + . .        G - +1 leather armour {rPois}
rPois   ∞            (no helmet)
rElec   +            (no cloak)
rCorr   .            (no gloves)
SInv    .            b - +0 pair of boots
Will    .....        e - amulet of regeneration Stlth
                     f - ring of protection from fire
HPRegen 1.11/turn    v - ring of Xyk Qon {Fly rPois Str+6}
MPRegen 0.10/turn

%: no passive effects
@: berserking (expiring), flying, very quick
A: sickness immunity, AC +4, negative energy resistance 1, electricity
resistance, torment resistance 1, petrification resistance
a: Renounce Religion, Berserk, Trog's Hand, Brothers in Arms


You were on level 5 of the Dungeon.
You worshipped Trog.
Trog was greatly pleased with you.
You visited 1 branch of the dungeon, and saw 5 of its levels.
You also visited: Sewer and Ossuary.

You collected 296 gold pieces.

Inventory:

Hand Weapons
 a - a +0 mace
 c - a +0 quarterstaff (weapon)
 q - a +0 sling
Missiles
 l - 4 boomerangs (quivered)
 m - a throwing net
 y - 4 datura-tipped darts
 F - 2 poisoned darts
Armour
 b - a +0 pair of boots (worn)
 G - a +1 leather armour of poison resistance (worn)
Jewellery
 e - an amulet of regeneration (around neck)
 f - a ring of protection from fire (left hand)
 k - a ring of magical power
 s - a ring of positive energy
 v - the ring of Xyk Qon (right hand) {Fly rPois Str+6}
   (You found it on level 3 of the Dungeon)

   [ring of strength]

   Str:       It affects your strength (+6).
   rPois:     It protects you from poison.
   Fly:       It grants you flight.
Scrolls
 d - 2 scrolls of brand weapon {unknown}
 h - a scroll of amnesia {unknown}
 o - a scroll of torment {unknown}
 t - 2 scrolls of vulnerability {unknown}
 w - 3 scrolls of teleportation {unknown}
 x - 10 scrolls of identify
 A - a scroll of immolation {unknown}
 B - a scroll of poison {unknown}
 E - 3 scrolls of blinking {unknown}
 I - a scroll of silence {unknown}
Potions
 g - 6 potions of curing
 i - 2 potions of resistance {unknown}
 j - 6 potions of degeneration {unknown}
 n - 2 potions of ambrosia {unknown}
 p - a potion of attraction {unknown}
 r - 4 potions of heal wounds {unknown}
 u - 2 potions of berserk rage {unknown}
 z - a potion of mutation {unknown}
 C - a potion of cancellation {unknown}
 D - a potion of invisibility {unknown}
 H - a potion of flight {unknown}
 J - a potion of haste {unknown}


   Skills:
 + Level 4.6 Fighting
 + Level 4.1(5.0) Maces & Flails
 * Level 4.1(5.0) Staves
 * Level 5.1 Armour
 + Level 2.9 Dodging


You had 6 spell levels left.
You didn't know any spells.
Your spell library was empty.

Dungeon Overview and Level Annotations

Branches:
Dungeon (5/15)              Sewer (visited)         Ossuary (visited)
 Temple: D:4-7

Altars:
Trog

Shops:
D:5 **


Innate Abilities, Weirdness & Mutations

You are immune to sickness and miasma.
Your stone body is resilient. (AC +4)
You are immune to poison.
You resist negative energy. (rN+)
You are resistant to electric shocks. (rElec)
You are resistant to unholy torment.
You are immune to petrification.


Message History

The gnoll sergeant hits you from afar with a +0 spear.
You barely miss the gnoll. The gnoll hits you with a +0 whip.
The gnoll sergeant barely misses you.
You hit the gnoll.
The gnoll is moderately wounded.
The gnoll barely misses you.
The gnoll sergeant hits you but does no damage.
You hit the gnoll but do no damage.
The gnoll is moderately wounded.
The gnoll barely misses you.
The gnoll sergeant hits you but does no damage.
You sock the gnoll!
You kill the gnoll!
Trog accepts your kill.
The gnoll sergeant hits you from afar with a +0 spear.
* * * LOW HITPOINT WARNING * * *
The gnoll closely misses you. The gnoll sergeant closely misses you.
Items here: )) ††.
You sock the gnoll sergeant!
The gnoll sergeant is moderately wounded.
The gnoll hits you from afar with a +0 halberd.
* * * LOW HITPOINT WARNING * * *
The gnoll sergeant hits you with a +0 spear.
* * * LOW HITPOINT WARNING * * *
A red film seems to cover your vision as you go berserk!
You feel yourself moving faster!
You feel mighty! The gnoll hits you but does no damage.
The gnoll sergeant hits you with a +0 spear!
* * * LOW HITPOINT WARNING * * *
You closely miss the gnoll sergeant.
The gnoll sergeant is moderately wounded.
The gnoll completely misses you.
The gnoll sergeant hits you but does no damage.
You hit the gnoll sergeant.
The gnoll sergeant is heavily wounded.
You barely miss the gnoll sergeant.
The gnoll sergeant is heavily wounded.
The gnoll closely misses you.
The gnoll sergeant hits you with a +0 spear!
You die...

..##.####..###.# #.# .....#
#......# #.###### .....#
##.##### #......# ..####
##'# ######.# ### #...# #.#
# .....# ### #.# ###
.......# ##.###.# #∩#
........g####...##.#######
#'#
'........gg@.†.............
..#
......g####...##.#######
.## ......# ##.###.# ####
.....# #...... ...# #...#
#.###.## ...# ##+# #.# #.#
...# #.# #.# ...# #.# #.#
..# ...# ##.##


You could see a gnoll sergeant and 3 gnolls.

Vanquished Creatures
  An elf zombie (Ossuary)
  A scorpion (D:5)
  A hound (D:4)
  4 orc wizards (D:5)
  An iguana (D:4)
  3 mummies (Ossuary)
  7 gnolls
  11 adders
  6 river rats (Sewer)
  A white imp (D:4)
  An adder zombie (Ossuary)
  2 worms
  4 dart slugs
  7 orcs
  7 endoplasms
  3 giant cockroaches
  A gnoll zombie (Ossuary)
  7 hobgoblins
  4 jackals (D:4)
  8 kobolds
  3 quokkas
  14 ball pythons
  4 bats
  3 frilled lizards
  7 goblins
  2 goblin zombies (Ossuary)
  A hobgoblin zombie (Ossuary)
  4 kobold zombies (Ossuary)
  5 quokka zombies (Ossuary)
  14 rats
  3 rat zombies (Ossuary)
140 creatures vanquished.

Notes
Turn   | Place    | Note
-------+----------+-------------------------------------------
     0 | D:1      | KittyFluff the Gargoyle Berserker began the quest for the
                  | Orb.
     0 | D:1      | Reached XP level 1. HP: 14/14 MP: 1/1
   290 | D:1      | Reached XP level 2. HP: 19/19 MP: 2/2
   348 | D:1      | Reached skill level 1 in Staves
   754 | D:2      | Found a bloodstained altar of Trog.
   818 | D:2      | Reached XP level 3. HP: 18/23 MP: 3/3
  1437 | D:2      | Reached ** piety under Trog
  1453 | D:3      | Reached XP level 4. HP: 28/28 MP: 4/4
  1501 | D:3      | Reached skill level 3 in Armour
  1939 | D:3      | Identified the ring of Xyk Qon {Fly rPois Str+6}
  2141 | D:4      | Reached XP level 5. HP: 32/33 MP: 5/5
  2611 | D:4      | Found a sand-covered staircase.
  2616 | Ossuary  | Entered an ossuary
  2624 | Ossuary  | Reached XP level 6. HP: 25/38 MP: 6/6
  2626 | Ossuary  | Reached skill level 4 in Armour
  2630 | Ossuary  | Reached *** piety under Trog
  3149 | D:5      | Entered Level 5 of the Dungeon
  3207 | D:5      | Reached XP level 7. HP: 41/44 MP: 7/7
  3360 | D:5      | Found Ligazieb's Elemental Accessories.
  3449 | D:5      | Found Nireemed's Assorted Antiques.
  3473 | D:5      | Reached **** piety under Trog
  3485 | D:5      | Found a glowing drain.
  3498 | Sewer    | Entered a sewer
  3641 | Sewer    | Reached skill level 5 in Armour
  4003 | D:5      | Slain by a gnoll sergeant

Illustrated notes

Levels and vault maps discovered:
D:1:      dpeg_arrival_rooms_b, layout_basic, serial_park_tiny_1
D:2:      kb_forest_paths, layout_basic, basic_altar
D:3:      layout_loops_cross
D:4:      layout_layer_cave, enter_ossuary_2
D:5:      layout_loops_corners, serial_shops, kennysheep_mini,
          portal_sewer_entry_b, nicolae_elemental_shop

Skill      XL: |  1  2  3  4  5  6  7 |
---------------+----------------------+-----
Staves         | 1 2 3 4 |  4.1
Dodging        | 2 |  2.9
Armour         | 3 4 5 |  5.1
Fighting       | 4 |  4.6
Maces & Flails | 4 |  4.1

Action                     |  1- 3 |  4- 6 |  7- 9 || total
---------------------------+-------+-------+-------++-------
  Melee: Quarterstaff      |    74 |   217 |   148 ||   439
 Invoke: Berserk           |       |     1 |     1 ||     2
    Use: Scroll            |       |     1 |       ||     1
 Armour: Animal skin       |     5 |       |       ||     5
         Leather armour    |    20 |    76 |    59 ||   155
  Dodge: Dodged            |    38 |   135 |    88 ||   261
